 Dungeon Crawl Stone Soup version 0.27-a0-1188-g73eefd5def (webtiles) character file.

Game seed: 16658082874572793713

72 rageheart7 the Skirmisher (level 3, -3/46 HPs)
             Began as a Demigod Gladiator on May 21, 2021.
             Slain by Robin
             ... wielding a +0 trident
              (7 damage)
             ... on level 2 of the Dungeon.
             The game lasted 00:01:46 (1865 turns).

rageheart7 the Skirmisher (Demigod Gladiator)       Turns: 1865, Time: 00:01:47

Health: -3/46      AC: 21    Str: 19    XL:     3   Next: 82%
Magic:  5/5        EV:  2    Int: 10    God:
Gold:   36         SH:  0    Dex: 15    Spells: 2/2 levels left

rFire    . . .     SeeInvis .   l - +1 flail (holy)
rCold    . . .     Faith    .   (no shield)
rNeg     + + +     Spirit   .   (armour currently unavailable)
rPois    +         Reflect  .   (helmet currently unavailable)
rElec    .         Harm     .   (cloak currently unavailable)
rCorr    .         Rampage  .   (gloves currently unavailable)
Will     .....     NoTele   +   (boots currently unavailable)
Stlth    +.........             (no amulet)
HPRegen  0.15/turn              (no ring)
MPRegen  0.09/turn              (no ring)

@: tree-form, on berserk cooldown, slowed, very slow
A: stationary, stasis, torment immunity, boosted hp, high mp 1, forlorn
a: no special abilities


You were on level 2 of the Dungeon.
You were a tree.
You visited 1 branch of the dungeon, and saw 2 of its levels.

You collected 36 gold pieces.

Inventory:

Hand Weapons
 a - a +0 quarterstaff
 e - a +0 mace of protection
 l - a +1 flail of holy wrath (weapon)
Missiles
 d - 3 throwing nets (quivered)
Armour
 b - a +0 leather armour (melded)
 c - a +0 helmet (melded)
Scrolls
 j - a scroll of acquirement {unknown}
 k - a scroll of fear {unknown}
Potions
 f - a potion of haste {unknown}
 g - a potion of curing {unknown}
 h - a potion of resistance {unknown}


   Skills:
 * Level 3.5 Fighting
 * Level 3.2 Staves
 - Level 1.7 Throwing
 - Level 2.6 Dodging


You had 2 spell levels left.
You didn't know any spells.
Your spell library was empty.

Dungeon Overview and Level Annotations

Branches:
Dungeon (2/15)

Shops:
D:1 [   D:2 ?

Annotations:
D:2 1 runed translucent door, Crazy Yiuf, Robin


Innate Abilities, Weirdness & Mutations

You are a tree.
Your roots penetrate the ground, keeping you stationary.
You cannot be teleported.
You are immune to unholy pain and torment.
Your maximum health is greatly increased.
Your equipment is partially melded.
Your attributes grow dramatically as you level up.
You have an increased reservoir of magic. (+10% MP)
You shall have no god before yourself.


Message History

You are too injured to fight recklessly!
You are too injured to fight recklessly!
Unknown command.
You barely miss the goblin.
Robin hits you from afar with a +0 trident.
* * * LOW HITPOINT WARNING * * *
The hobgoblin hits you but does no damage.
The goblin hits you with a +0 dagger.
* * * LOW HITPOINT WARNING * * *
It was a potion of lignification.
You turn into a tree.
Your +0 helmet melds into your body.
Your +0 leather armour melds into your body.
Your roots penetrate the ground.
Robin hits you but does no damage.
The hobgoblin hits you but does no damage.
The goblin hits you but does no damage.
You thump the goblin!
You kill the goblin!
Robin hits you from afar with a +0 trident.
* * * LOW HITPOINT WARNING * * *
The hobgoblin hits you but does no damage.
It was a potion of berserk rage.
A red film seems to cover your vision as you go berserk!
You feel yourself moving faster!
You feel mighty! Robin hits you but does no damage.
The hobgoblin hits you but does no damage.
You sock the hobgoblin!
You kill the hobgoblin!
Robin hits you but does no damage.
You are too berserk!
You are too berserk!
You swing at nothing.
Robin hits you but does no damage.
You swing at nothing.
You feel a strong urge to attack something.
Robin completely misses you.
You swing at nothing.
You are no longer berserk.
You are exhausted.
You feel yourself slow down.
Robin hits you from afar with a +0 trident!
You die...

### ..# #.# #.#
#.####.###.#.#
#gg...)......# #g#
#.# #)# #.# #♣#
#.# #)# #.# #.#
#.# ### #.#
#.##########..
#.###.............
#............##..#
###############..#
###..# #....#


You could see Robin.

Vanquished Creatures
  Terence (D:2)
  An adder (D:2)
  A worm (D:2)
  A ball python (D:1)
  An endoplasm (D:1)
  7 goblins
  6 hobgoblins
  2 jackals (D:1)
  2 kobolds (D:1)
  5 bats
  2 frilled lizards
  5 rats (D:1)
34 creatures vanquished.

Notes
Turn   | Place    | Note
-------+----------+-------------------------------------------
     0 | D:1      | rageheart7 the Demigod Gladiator began the quest for the
                  | Orb.
     0 | D:1      | Reached XP level 1. HP: 17/17 MP: 3/3
   129 | D:1      | Reached XP level 2. HP: 14/25 MP: 4/4
   383 | D:1      | Found Jateep's Antique Armour Shoppe.
  1264 | D:2      | Noticed Terence
  1315 | D:2      | Killed Terence
  1316 | D:2      | Reached XP level 3. HP: 24/31 MP: 5/5
  1429 | D:2      | Found Vuyveeg's Magic Scroll Shoppe.
  1672 | D:2      | Found a runed translucent door.
  1673 | D:2      | Noticed Crazy Yiuf
  1846 | D:2      | Noticed Robin
  1865 | D:2      | Slain by Robin

Illustrated notes

Levels and vault maps discovered:
D:1:      saegor_arrival_simple_e, layout_loops_ring,
          hellmonk_ecumenical_altar_dog_temple, serial_shops, shop,
          serial_bayou_crossing
D:2:      layout_loops_ring, serial_shops, shop, uniq_robin,
          uniq_crazy_yiuf_cottage, uniq_terence

Skill      XL: |  1  2 |
---------------+-------+-----
Fighting       | 2 3 |  3.5
Staves         | 3 |  3.2
Throwing       | |  1.7
Dodging        | |  2.6

Action                   || total
-------------------------++-------
Melee: Mace              ||    73
       Flail             ||    34
  Use: Potion            ||     2
Armor: Leather armour    ||    34
       Skin              ||     8
Dodge: Dodged            ||    75

Table legend: (Time is in decaauts)
 A = Elapsed time spent in this place.
 B = Non-inter-level travel time spent in this place.
 C = Inter-level travel time spent in this place.
 D = Time resting spent in this place.
 E = Time spent auto-exploring this place.
 F = Levels seen in this place.
 G = Mean time per level.
                   A        B        C        D        E       F      G
               +--------+--------+--------+--------+--------+-----+--------+
         Total |   1904 |   1874 |     30 |      0 |   1601 |   2 |  952.0 |
       Dungeon |   1904 |   1874 |     30 |      0 |   1601 |   2 |  952.0 |
               +--------+--------+--------+--------+--------+-----+--------+

Top non-repeatable levels by time:
     D:1: 1099 daAuts
     D:2: 804 daAuts
